 Dungeon Crawl Stone Soup version 0.22-a0-247-gbddf880 (webtiles) character file.

194 Firecrotchwizard the Poker (level 5, -8/42 HPs)
             Began as a Merfolk Skald on Feb 24, 2018.
             Was an Initiate of Ashenzari.
             Mangled by an iguana (13 damage)
             ... on level 3 of the Dungeon.
             The game lasted 00:07:42 (4193 turns).

Firecrotchwizard the Poker (Merfolk Skald)          Turns: 4193, Time: 00:07:43

Health: -8/42      AC:  4    Str: 13    XL:     5   Next: 73%
Magic:  6/8        EV: 12    Int: 14    God:    Ashenzari [......]
Gold:   186        SH:  0    Dex: 13    Spells: 5/8 levels left

rFire    . . .     SeeInvis .   a - +0 spear
rCold    . . .     Gourm    .   (no shield)
rNeg     . . .     Faith    .   i - +0 leather armour
rPois    .         Spirit   .   (no helmet)
rElec    .         Reflect  .   (no cloak)
rCorr    .         Harm     .   (no gloves)
MR       .....                  F - +0 pair of boots
Stlth    +.........             (no amulet)
HPRegen  0.14/turn              n - +2 ring of strength
MPRegen  0.11/turn              (no ring)

@: infused
A: change form in water, swift swim, stealthy swim
a: Curse Item, Renounce Religion


You were on level 3 of the Dungeon.
You worshipped Ashenzari.
Ashenzari was noncommittal.
You were not hungry.

You visited 1 branch of the dungeon, and saw 4 of its levels.
You also visited: Sewer.

You collected 186 gold pieces.

Inventory:

Hand Weapons
 a - a +0 spear (weapon)
 b - a +1 hunting sling of flaming
   (You found it on level 1 of the Dungeon)
 k - a +1 dagger of draining
   (You took it off a kobold on level 1 of the Dungeon)
 I - a +2 falchion of holy wrath
   (You took it off an orc on level 3 of the Dungeon)
Missiles
 j - 83 stones (quivered)
 q - 2 curare-tipped needles
Armour
 i - a +0 leather armour (worn)
 F - a +0 pair of boots (worn)
   (You found it on level 3 of the Dungeon)
Jewellery
 n - a +2 ring of strength (left hand)
   (You found it on level 1 of the Dungeon)
 C - an uncursed ring of wizardry {Wiz+, !d}
   (You found it on level 3 of the Dungeon)
Wands
 H - a wand of clouds (7)
   (You found it on level 3 of the Dungeon)
Scrolls
 d - 2 scrolls of fog {unknown}
 e - 2 scrolls of teleportation {unknown}
 g - 2 scrolls of immolation {unknown}
 h - 6 scrolls of identify {unknown}
 o - 3 scrolls of remove curse
 p - 3 scrolls of enchant armour {unknown}
 t - 3 scrolls of fear {unknown}
 u - 2 scrolls of random uselessness {unknown}
 v - a scroll of blinking {unknown}
 x - a scroll of magic mapping {unknown}
 y - a scroll of enchant weapon {unknown}
Potions
 f - 2 potions of degeneration {unknown}
 l - a potion of flight {unknown}
 m - a potion of cancellation {unknown}
 r - a potion of ambrosia {unknown}
 s - 4 potions of curing {unknown}
 w - a potion of magic {unknown}
 z - a potion of brilliance {unknown}
 A - a potion of might {unknown}
 B - a potion of haste {unknown}
 D - a potion of resistance {unknown}
 G - a potion of agility {unknown}
Comestibles
 c - 7 rations {@e1}


   Skills:
 + Level 4.0 Fighting
 * Level 7.0 Polearms
 - Level 0.6 Armour
 - Level 2.6 Dodging
 - Level 2.0 Spellcasting
 - Level 3.2 Charms


You had 5 spell levels left.
You knew the following spells:

 Your Spells              Type           Power        Failure   Level  Hunger
a - Infusion              Chrm           ##..         8%          1    ##.....
s - Shroud of Golubria    Chrm/Tloc      #.........   24%         2    ###....


Dungeon Overview and Level Annotations

Branches:
Dungeon (4/15)
 Temple: D:4-7

Altars:
Ashenzari
Cheibriados
Nemelex Xobeh
Xom


Message History

Your legs become a tail as you enter the water.
Your +0 pair of boots melds into your body.
j - 78 stones (gained 1)
j - 79 stones (gained 1)
j - 83 stones (gained 4)
Your +0 pair of boots unmelds from your body.
All of the chunks of flesh in your inventory have rotted away.
A kobold comes into view. It is wielding a dagger.
The kobold shouts!
Throwing (i - inventory)
j - 83 stones (quivered)
Aim: a kobold, wielding a dagger You throw a stone.
The stone hits the kobold but does no damage.
Throwing (i - inventory)
j - 82 stones (quivered)
Aim: a kobold, wielding a dagger You throw a stone.
The stone closely misses the kobold.
Throwing (i - inventory)
j - 81 stones (quivered)
Aim: a kobold, wielding a dagger You throw a stone.
The stone hits the kobold but does no damage.
Throwing (i - inventory)
j - 80 stones (quivered)
Aim: a kobold, wielding a dagger You throw a stone.
The stone closely misses the kobold.
Attack whom?
Aim: a kobold, wielding a dagger You reach to attack!
You hit the kobold but do no damage. You hit the kobold but do no damage.
You closely miss the kobold. The kobold hits you with a dagger.
You take 3 damage, and have 39/42 hp.
You barely miss the kobold.
The kobold splashes around in the water.
You hit the kobold.
You kill the kobold!
You hear a splash.
No target in view!
Your legs become a tail as you enter the water.
Your +0 pair of boots melds into your body.
You see here an uncursed dagger.
Your +0 pair of boots unmelds from your body.
Your legs become a tail as you enter the water.
Your +0 pair of boots melds into your body.
Your +0 pair of boots unmelds from your body.
j - 80 stones (gained 1)
j - 83 stones (gained 3)
You now have 186 gold pieces (gained 7).
Your legs become a tail as you enter the water.
Your +0 pair of boots melds into your body.
Your +0 pair of boots unmelds from your body.
Done exploring.
Health restored: 42 Done exploring.
(D) Dungeon
Where to? (Enter - D:3, ? - help)
Your legs become a tail as you enter the water.
Your +0 pair of boots melds into your body.
Your +0 pair of boots unmelds from your body.
There is a stone staircase leading down here.
You climb downwards.
A phantom comes into view.
There is a stone staircase leading up here.
You climb upwards.
There is a stone staircase leading down here.
Your legs become a tail as you enter the water.
Your +0 pair of boots melds into your body.
Your +0 pair of boots unmelds from your body.
There is a stone staircase leading down here.
You climb downwards.
An iguana and 4 jackals come into view.
The iguana hisses angrily.
The jackal barks! x4; You hear a shout! x3
The jackal bites you but does no damage.
The iguana bites you!
There is a stone staircase leading up, spattered with blood here.
You take 13 damage, and have 29/42 hp.
MASSIVE DAMAGE!!
The jackal bites you but does no damage.
The iguana hisses menacingly.
The iguana bites you.
You climb upwards.
There is a stone staircase leading down here.
You take 4 damage, and have 25/42 hp.
You begin infusing your attacks with magical energy.
The jackal bites you. The iguana closely misses you. The jackal bites you.
You take 3 damage, and have 22/42 hp.
You now have 7/8 mp.
You completely miss the iguana. The jackal closely misses you.
The iguana completely misses you.
You barely miss the iguana. The jackal closely misses you.
The iguana bites you but does no damage.
You hit the iguana.
The jackal bites you but does no damage.
You now have 6/8 mp.
You hit the iguana. The iguana bites you! The jackal barely misses you.
You take 10 damage, and have 13/42 hp.
MASSIVE DAMAGE!!
You completely miss the iguana.
The jackal bites you but does no damage.
The iguana bites you!
* * * LOW HITPOINT WARNING * * *
You take 8 damage, and have 5/42 hp.
You hit the iguana. The jackal completely misses you. The iguana bites you!
You die...

############...#.##.#..###
#.†.......................
#.#######.##...####.#...##
#.# #.###.......#...## #.#
#<# ###......<..() #.# #.#
##.##.##..()
#######.#######h#
#.##.####..
#............##l# #.##.# ##.
##.#####.####.##@# #.##.# #.
.....# #.# #.##h######....#
#. .#.#.###.#
#.##...........# #.
.........####.####.######.##
## .#.#.###...##.####.# #.#
# .......#.#.##.##...# #.#
## ##.###.#...........# #.#
##. ##............##...# #.#
#.≈ ######.###.######..#
#.#####≈≈


You could see an iguana and 2 jackals.

Vanquished Creatures
  An orc wizard (D:3)
  8 adders
  2 worms (D:3)
  2 dart slugs (D:3)
  A leopard gecko (D:2)
  4 orcs (D:3)
  5 bats
  6 giant cockroaches
  6 goblins
  4 hobgoblins
  11 jackals
  6 ball pythons
  4 frilled lizards
  12 kobolds
  8 rats
  2 plants (Sewer)
82 creatures vanquished.

Notes
Turn   | Place    | Note
-------+----------+-------------------------------------------
     0 | D:1      | Firecrotchwizard the Merfolk Skald began the quest for the Orb.
     0 | D:1      | Reached XP level 1. HP: 16/16 MP: 3/3
   287 | D:1      | Reached XP level 2. HP: 23/23 MP: 5/5
   302 | D:1      | Found a shimmering altar of Xom.
   424 | D:1      | Reached skill level 4 in Polearms
   607 | D:2      | Found a sparkling altar of Nemelex Xobeh.
   621 | D:2      | Found a shattered altar of Ashenzari.
   626 | D:2      | Learned a level 2 spell: Shroud of Golubria
   685 | D:2      | Reached XP level 3. HP: 19/28 MP: 3/6
  1315 | D:2      | Reached skill level 3 in Fighting
  1340 | D:2      | Reached skill level 5 in Polearms
  1505 | D:2      | Reached XP level 4. HP: 35/35 MP: 2/7
  1894 | D:2      | Became a worshipper of Ashenzari the Shackled
  2045 | D:3      | Found a glowing drain.
  2136 | Sewer    | Entered a sewer
  2323 | Sewer    | Reached skill level 6 in Polearms
  2442 | Sewer    | Reached XP level 5. HP: 32/41 MP: 8/8
  3064 | D:3      | Found a snail-covered altar of Cheibriados.
  3436 | D:3      | Found a faded altar of an unknown god.
  3813 | D:3      | Reached skill level 4 in Fighting
  3813 | D:3      | Reached skill level 7 in Polearms
  4147 | D:4      | Noticed a phantom
  4192 | D:3      | HP: 5/42 [iguana (8)]
  4193 | D:3      | Mangled by an iguana

Vault maps used:
D:1:      zelgadis_glass_arrival_small, corexii_item_surrounded_by_moat,
          xom_teletrap_fun
D:2:      cheibrodos_old_hovel, nemelex_xobeh_ov_fountains_minmay,
          overflow_temple_1_default, minmay_pentomino_x4
D:3:      kennysheep_slug_shrine, chequers_ecumenical_altar_island,
          first_ration, cheibrodos_sewer_entry_drain
D:4:      minmay_temple_entry_from_below_a, guppyfry_early_orc_mine
Sewer:    sewer_co_scattered_pipes

Skill      XL: |  1  2  3  4  5 |
---------------+----------------+-----
Polearms       | 4 5 6 7 |  7.0
Fighting       | 3 4 |  4.0
Armour         | |  0.6
Dodging        | |  2.6
Spellcasting   | |  2.0
Charms         | |  3.2

Action                   |  1- 3 |  4- 6 || total
-------------------------+-------+-------++-------
Melee: Spear             |    97 |   209 ||   306
       Tailslap          |       |    14 ||    14
 Fire: Hunting sling     |       |    31 ||    31
Throw: Stone             |    54 |    75 ||   129
 Cast: Infusion          |     3 |     8 ||    11
  Eat: Chunk             |     2 |     8 ||    10
Armor: Leather armour    |    12 |    22 ||    34
Dodge: Dodged            |    45 |    74 ||   119

Table legend:
 A = Spawn XP
 B = Non-spawn XP
 C = Spawn XP percentage of total XP
 D = Spawn monster count
 E = Non-spawn monster count
 F = Spawn count percentage of total count
 G = Total turns spent on level
                    A         B        C        D         E        F      G
               +---------+---------+-------+---------+---------+-------+---------
         Total |       0 |     278 |   0.0 |       0 |      80 |   0.0 |  4193
               +---------+---------+-------+---------+---------+-------+---------
           D:1 |       0 |      19 |   0.0 |       0 |      13 |   0.0 |   607
           D:2 |       0 |      91 |   0.0 |       0 |      19 |   0.0 |  1335
           D:3 |       0 |     110 |   0.0 |       0 |      28 |   0.0 |  1366
         Sewer |       0 |      58 |   0.0 |       0 |      20 |   0.0 |   881
               +---------+---------+-------+---------+---------+-------+---------

Vault maps used:
D:1:      zelgadis_glass_arrival_small, corexii_item_surrounded_by_moat,
          xom_teletrap_fun
D:2:      cheibrodos_old_hovel, nemelex_xobeh_ov_fountains_minmay,
          overflow_temple_1_default, minmay_pentomino_x4
D:3:      kennysheep_slug_shrine, chequers_ecumenical_altar_island,
          first_ration, cheibrodos_sewer_entry_drain
D:4:      minmay_temple_entry_from_below_a, guppyfry_early_orc_mine
Sewer:    sewer_co_scattered_pipes

Table legend:
 A = Turns spent in this place as a percentage of turns spent in the entire game.
 B = Non-inter-level travel turns spent in this place as a percentage of non-inter-level travel turns spent in the entire game.
 C = Inter-level travel turns spent in this place as a percentage of turns spent in this place.
 D = Turns resting spent in this place as a percentage of non-inter-level travel turns spent in this place.
 E = Turns spent auto-exploring this place as a percentage of non-inter-level travel turns spent in this place.
 F = Non-inter-level travel turns spent in this place divided by the number of levels of this place that you've seen.
                   A       B       C       D       E      F
               +-------+-------+-------+-------+-------+----------------------
         Total | 100.0 | 100.0 |   2.0 |  31.5 |  49.2 | 821.6
       Dungeon |  79.0 |  78.6 |   2.6 |  32.0 |  50.8 | 806.8
         Sewer |  21.0 |  21.4 |   0.0 |  29.6 |  43.4 | 881.0
               +-------+-------+-------+-------+-------+----------------------

Table legend:
 A = Kills in this place as a percentage of kills in entire the game.
 B = Kills by you in this place as a percentage of kills by you in the entire game.
 C = Kills by friends in this place as a percentage of kills by friends in the entire game.
 D = Other kills in this place as a percentage of other kills in the entire game.
 E = Experience gained in this place as a percentage of experience gained in the entire game.
 F = Experience gained in this place divided by the number of levels of this place that you have seen.
                   A       B       C       D       E      F
               +-------+-------+-------+-------+-------+----------------------
         Total | 100.0 | 100.0 |   N/A |   N/A | 100.0 |  55.6
       Dungeon |  75.0 |  75.0 |   N/A |   N/A |  79.1 |  55.0
         Sewer |  25.0 |  25.0 |   N/A |   N/A |  20.9 |  58.0
               +-------+-------+-------+-------+-------+----------------------
